 Dungeon Crawl Stone Soup version 0.30-a0-802-gb92711bcdf (webtiles) character file.

Game seed: 1525401582512447792

2562 cheesebisquit the Skirmisher (level 9, -2/68 HPs)
             Began as a Minotaur Hunter on Feb 23, 2023.
             Was an Initiate of Qazlal.
             Succumbed to a hornet's poison
             ... on level 8 of the Dungeon.
             The game lasted 00:23:18 (8473 turns).

cheesebisquit the Skirmisher (Minotaur Hunter)      Turns: 8473, Time: 00:23:19

Health: -2/68      AC:  9    Str: 13 (16) XL:     9   Next: 31%
Magic:  4/17       EV: 11    Int:  3 (6)  God:    Qazlal [......]
Gold:   140        SH:  0    Dex: 15 (18) Spells: 8/8 levels left

rFire   . . .      SeeInvis .    a - +2 shortbow
rCold   . . .      Faith    .    (shield currently unavailable)
rNeg    . . .      Spirit   +    E - +0 ring mail {Will+}
rPois   +          Reflect  .    (helmet restricted)
rElec   .          Harm     .    A - +0 cloak
rCorr   +          Rampage  .    e - +1 pair of gloves
Will    +....                    t - +0 pair of boots
Stlth   +                        f - amulet of guardian spirit
HPRegen 0.31/turn                i - ring of Qaalyss {rCorr MP+9}
MPRegen 0.15/turn                l - ring of poison resistance

@: lethally poisoned (-2 -> -8), attractive, slowed, very slow
A: horns 2, retaliatory headbutt
a: Renounce Religion


You were on level 8 of the Dungeon.
You worshipped Qazlal.
Qazlal was noncommittal.
You visited 2 branches of the dungeon, and saw 9 of its levels.

You collected 287 gold pieces.
You spent 147 gold pieces at shops.

Inventory:

Hand Weapons
 a - a +2 shortbow (weapon)
Missiles
 q - 13 poisoned darts
 w - a throwing net
Armour
 c - a +0 leather armour
 e - a +1 pair of gloves (worn)
 t - a +0 pair of boots (worn)
 A - a +0 cloak (worn)
 E - a +0 ring mail of willpower (worn)
Jewellery
 f - an amulet of guardian spirit (around neck)
 i - the ring of Qaalyss (left hand) {rCorr MP+9}
   (You found it on level 2 of the Dungeon)

   [ring of resist corrosion]

   MP:        It affects your magic capacity (+9).
   rCorr:     It protects you from acid and corrosion.
 l - a ring of poison resistance (right hand)
Wands
 h - a wand of polymorph (15)
 r - a wand of roots (15)
Scrolls
 b - a scroll of immolation
 g - a scroll of enchant weapon
 n - 3 scrolls of teleportation
 p - 2 scrolls of blinking
 u - a scroll of fog {unknown}
 v - a scroll of magic mapping {unknown}
 x - 4 scrolls of vulnerability {unknown}
 y - a scroll of acquirement {unknown}
 z - a scroll of poison {unknown}
 C - a scroll of fear {unknown}
Potions
 d - a potion of mutation
 k - a potion of brilliance
 m - a potion of invisibility
 s - a potion of flight
 F - a potion of might {unknown}


   Skills:
 - Level 2.4 Fighting
 + Level 14.3 Ranged Weapons
 - Level 2.1 Dodging
 - Level 0.7 Stealth


You had 8 spell levels left.
You didn't know any spells.
Your spell library contained the following spells:

 Spells                   Type           Power      Damage    Failure   Level
 Shock                    Conj/Air       0%         1d3       80%         1
 Cigotuvi's Dreadful Rot  Necr/Pois/Air  0%         N/A       90%         2
 Poisonous Vapours        Pois/Air       0%         N/A       90%         2
 Mephitic Cloud           Conj/Pois/Air  0%         N/A       99%         3
 Swiftness                Air            0%         N/A       99%         3
 Airstrike                Air            0%         2d(0-16)  100%        4


Dungeon Overview and Level Annotations

Branches:
Dungeon (8/15)             Temple (1/1) D:7
   Lair: D:8-11

Altars:
Ashenzari
Cheibriados
Dithmenos
Elyvilon
Fedhas
Gozag
Hepliaklqana
Kikubaaqudgha
Makhleb
Nemelex Xobeh
Okawaru
Qazlal
Ru
Sif Muna
Trog
Uskayaw
Vehumet
Wu Jian
Yredelemnul
Zin
The Shining One

Shops:
D:4 ((   D:5 :   D:6 *=   D:7 :


Innate Abilities, Weirdness & Mutations

You have a pair of horns on your head.
You reflexively headbutt those who attack you in melee.


Message History

The hornet stings you.
You feel as though you will be slow longer.
Fire: a) +2 shortbow
Press: ? - help, Q - select action, (/) - cycle Shift-Dir - straight line, f/p - hornet
Aim: a hornet (almost dead, 60% to hit)
You shoot an arrow. The arrow closely misses the hornet.
You feel very sick. The hornet closely misses you.
The hornet stings you but does no damage.
Fire: a) +2 shortbow
Press: ? - help, Q - select action, (/) - cycle Shift-Dir - straight line, f/p - hornet
Aim: a hornet (almost dead, 60% to hit)
You shoot an arrow. The arrow barely misses the hornet.
You feel sick. The hornet stings you.
* * * LOW HITPOINT WARNING * * *
The hornet stings you but does no damage.
Fire: a) +2 shortbow
Press: ? - help, Q - select action, (/) - cycle Shift-Dir - straight line, f/p - hornet
Aim: a hornet (almost dead, 60% to hit)
You shoot an arrow. The arrow barely misses the hornet.
You feel very sick. The hornet stings you.
* * * LOW HITPOINT WARNING * * *
You are lethally poisoned!
You feel as though you will be slow longer.
The hornet barely misses you. You furiously retaliate!
You headbutt the hornet!
You kill the hornet!
Qazlal accepts your kill.
It was a potion of mutation.
You feel extremely strange.
You feel a little pissed off.
You feel a little more calm.
* * * LOW HITPOINT WARNING * * *
You feel very sick.
It was a potion of attraction.
You feel attractive to monsters.
* * * LOW HITPOINT WARNING * * *
You feel very sick.
It was a potion of degeneration.
There was something very wrong with that liquid.
You feel weakened.
You feel dopey.
You feel clumsy.
You die...

....####.##### ...# ...
.# #. #..# ... .. #.
#..# ... # ### #.##..#
#.#.# #.##..##### ##.#.
#.##..##.. ...
##.##..##.# #.#
#...#...#.#####@###.###
#.#...#.>..............
##...#####.#######.#####
.....# #.# .# ###.###≈
#.# # #.##≈≈##.#
#...≈≈.#.# ###.≈≈.#.##
##..~≈~#..


There were no monsters in sight!

Vanquished Creatures
  2 hornets
  A wyvern (D:8)
  3 orc warriors
  A water moccasin (D:6)
  A black bear (D:8)
  A centaur (D:6)
  2 kobold brigands
  A gnoll sergeant (D:7)
  A bullfrog (D:7)
  2 scorpions
  A crimson imp (D:6)
  4 jellies
  A gnoll bouda (D:4)
  3 orc priests
  2 hounds (D:7)
  3 iguanas
  Natasha (thrice) (D:2)
  8 orc wizards
  Ijyb (D:4)
  16 gnolls
  6 adders
  A shadow imp (D:5)
  A white imp (D:5)
  An ufetubus (D:7)
  3 worms
  2 dart slugs
  32 orcs
  8 ball pythons
  2 bats
  3 endoplasms
  3 giant cockroaches
  9 goblins
  3 hobgoblins (D:1)
  7 jackals
  5 quokkas
  5 frilled lizards
  16 kobolds
  6 rats
170 creatures vanquished.

Vanquished Creatures (others)
  A demonic plant (D:2)
  14 fungi
  7 plants
  3 withered plants (D:2)
25 creatures vanquished.

Grand Total: 195 creatures vanquished

Notes
Turn   | Place    | Note
-------+----------+-------------------------------------------
     0 | D:1      | cheesebisquit the Minotaur Hunter began the quest for the
                  | Orb.
     0 | D:1      | Reached XP level 1. HP: 18/18 MP: 0/0
   129 | D:1      | Reached XP level 2. HP: 25/25 MP: 1/1
   132 | D:1      | Reached skill level 5 in Ranged Weapons
   566 | D:1      | Reached XP level 3. HP: 30/30 MP: 2/2
   944 | D:2      | Noticed Natasha
   949 | D:2      | Killed Natasha
   950 | D:2      | Reached skill level 6 in Ranged Weapons
   950 | D:2      | Reached XP level 4. HP: 32/37 MP: 3/3
  1294 | D:2      | Noticed Natasha
  1298 | D:2      | Killed Natasha
  1331 | D:2      | Identified the ring of Qaalyss {rCorr MP+9}
  1346 | D:2      | Noticed Natasha
  1356 | D:2      | Killed Natasha
  1357 | D:2      | Reached skill level 7 in Ranged Weapons
  1357 | D:2      | Reached XP level 5. HP: 42/42 MP: 4/4
  1624 | D:2      | Found a faded altar of an unknown god.
  2319 | D:3      | Found a glowing golden altar of the Shining One.
  2327 | D:3      | Found a shadowy altar of Dithmenos.
  2332 | D:3      | Found a shimmering blue altar of Sif Muna.
  2340 | D:3      | Found a basalt altar of Yredelemnul.
  2345 | D:3      | Found a snail-covered altar of Cheibriados.
  2355 | D:3      | Found a radiant altar of Vehumet.
  2361 | D:3      | Found a hazy altar of Hepliaklqana.
  2557 | D:4      | Found Rothraci's Antique Weapon Boutique.
  2619 | D:4      | Found Uxkacron's Weapon Boutique.
  2747 | D:4      | Noticed Ijyb
  2753 | D:4      | Killed Ijyb
  2754 | D:4      | Reached skill level 8 in Ranged Weapons
  2754 | D:4      | Reached XP level 6. HP: 26/50 MP: 5/5
  3197 | D:5      | Entered Level 5 of the Dungeon
  3295 | D:5      | Found Wekkets's Self-Improvement Boutique.
  3723 | D:6      | Noticed an orc warrior
  3742 | D:6      | Found Bob Viw's General Store.
  3832 | D:6      | Reached skill level 9 in Ranged Weapons
  3840 | D:6      | Reached XP level 7. HP: 56/56 MP: 6/6
  5101 | D:5      | Reached skill level 10 in Ranged Weapons
  5809 | D:4      | Found Uxkacron's Weapon Boutique.
  5876 | D:4      | Found Rothraci's Antique Weapon Boutique.
  6278 | D:6      | Found a blossoming altar of Fedhas.
  6418 | D:6      | Reached skill level 11 in Ranged Weapons
  6418 | D:6      | Reached XP level 8. HP: 40/62 MP: 3/7
  6557 | D:6      | Bought a scroll of blinking for 105 gold pieces
  6557 | D:6      | Bought a potion of curing for 42 gold pieces
  6566 | D:6      | Found a sparkling altar of Nemelex Xobeh.
  6594 | D:6      | Found a burning altar of Makhleb.
  6725 | D:6      | Found Segref's Jewellery Emporium.
  6861 | D:7      | Found a staircase to the Ecumenical Temple.
  6871 | Temple   | Entered the Ecumenical Temple
  7107 | D:7      | Reached skill level 12 in Ranged Weapons
  7692 | D:7      | Found Targho's Book Boutique.
  7708 | D:7      | Noticed a hornet
  7727 | D:7      | Killed a hornet
  7728 | D:7      | Reached skill level 13 in Ranged Weapons
  7804 | D:7      | Found a stormy altar of Qazlal.
  7812 | D:7      | Became a worshipper of Qazlal Stormbringer
  7973 | D:7      | Reached XP level 9. HP: 68/68 MP: 8/8
  8387 | D:8      | Reached skill level 14 in Ranged Weapons
  8471 | D:8      | Gained mutation: You sometimes lose your temper in combat.
                  | [potion of mutation]
  8471 | D:8      | Lost mutation: You sometimes lose your temper in combat.
                  | [potion of mutation]
  8472 | D:8      | HP: 1/68 [poisoned by a hornet]
  8473 | D:8      | Succumbed to a hornet's poison

Illustrated notes

Levels and vault maps discovered:
D:1:      scummos_arrival_simple_fountains, layout_basic, chequers_jeans
D:2:      layout_rooms, shapermc_ecumenical_altar_gd, uniq_natasha
D:3:      layout_loops_ring, grunt_temple_overflow_octagram,
          kennysheep_generic_room_14
D:4:      layout_basic, serial_shops, nicolae_shop_hallway_plus,
          nicolae_wooded_promenade, minmay_hedge_maze, uniq_ijyb
D:5:      layout_rooms, minmay_misc_feat_iff, nicolae_shop_self_help
D:6:      layout_loops_ring, kennysheep_mini, makhleb_grotto_becter,
          fedhas_altar_3, serial_shops, shop_fountains, nicolae_diamond_shop,
          chequers_serial_rivers_room_b
D:7:      layout_cave_pools, grunt_qazlal_clouds, minmay_temple_entry_slanted,
          serial_shops, shop, serial_park, serial_park_square1
          [serial_park_minivault_5x5_7], dk_vineyard_1
D:8:      layout_loops_ring, hellmonk_ghost_happy_afterlife, serial_rivers,
          chequers_serial_rivers_micro_e, chequers_serial_rivers_small_3,
          chequers_serial_rivers_large_a, chequers_serial_rivers_room_b,
          nicolae_shop_i_like_big_books, uniq_psyche
Temple:   dpeg_chambers_temple

Skill      XL: |  1  2  3  4  5  6  7  8  9 |
---------------+----------------------------+-----
Ranged Weapons | 5 6 7 8 9 11 13 14 | 14.3
Fighting       | |  2.4
Dodging        | |  2.1
Stealth        | |  0.7

Action                     |  1- 3 |  4- 6 |  7- 9 || total
---------------------------+-------+-------+-------++-------
  Melee: Unarmed           |       |    14 |    20 ||    34
   Fire: Shortbow          |    68 |   221 |   339 ||   628
    Use: Potion            |       |     8 |     9 ||    17
         Scroll            |       |     5 |     8 ||    13
   Stab: Invisible         |       |     1 |       ||     1
 Armour: Leather armour    |     3 |    16 |    27 ||    46
         Skin              |       |       |     3 ||     3
         Ring mail         |       |       |    12 ||    12
  Dodge: Dodged            |     8 |    55 |   123 ||   186

Table legend: (Time is in decaauts)
 A = Elapsed time spent in this place.
 B = Non-inter-level travel time spent in this place.
 C = Inter-level travel time spent in this place.
 D = Time resting spent in this place.
 E = Time spent auto-exploring this place.
 F = Levels seen in this place.
 G = Mean time per level.
                   A        B        C        D        E       F      G
               +--------+--------+--------+--------+--------+-----+--------+
         Total |   8534 |   8044 |    490 |   2041 |   4828 |   9 |  948.2 |
       Dungeon |   8330 |   7850 |    480 |   2041 |   4643 |   8 | 1041.2 |
        Temple |    204 |    194 |     10 |      0 |    185 |   1 |  204.0 |
               +--------+--------+--------+--------+--------+-----+--------+

Top non-repeatable levels by time:
     D:4: 1478 daAuts
     D:6: 1447 daAuts
     D:5: 1352 daAuts
     D:7: 1162 daAuts
     D:2: 983 daAuts
     D:1: 873 daAuts
     D:3: 758 daAuts
     D:8: 272 daAuts
  Temple: 204 daAuts
